 Dungeon Crawl Stone Soup version 0.29.1-13-g9f3cf754e1 (webtiles) character file.

Game seed: 1239005137241565080

4 DeadRuby the Ducker (level 1, 0/10 HPs)
             Began as a Felid Berserker on Feb 10, 2023.
             Was a Follower of Trog.
             Slain by a giant cockroach (1 damage)
             ... on level 1 of the Dungeon.
             The game lasted 00:01:32 (198 turns).

DeadRuby the Ducker (Felid Berserker)                Turns: 198, Time: 00:01:33

Health: 0/10       AC:  1    Str: 13    XL:     1   Next: 58%
Magic:  2/2        EV: 18    Int:  8    God:    Trog [*.....]
Gold:   14         SH:  0    Dex: 15    Spells: 0/0 levels left
                                        Lives:  0   Deaths: 0

rFire   . . .      SeeInvis +     - Unarmed
rCold   . . .      Faith    .   (shield unavailable)
rNeg    . . .      Spirit   .   (body armour unavailable)
rPois   .          Reflect  .   (helmet unavailable)
rElec   .          Harm     .   (cloak unavailable)
rCorr   .          Rampage  .   (gloves unavailable)
Will    .....                   (boots unavailable)
Stlth   +.........              (no amulet)
HPRegen 0.03/turn               (no ring)
MPRegen 0.08/turn               (no ring)

@: quick
A: very small, claws 1, fangs 3, see invisible, speed 1, shaggy fur 1, stealthy
paws, no weapons or thrown items, no armour, multi-lived
a: Renounce Religion, Berserk


You were on level 1 of the Dungeon.
You worshipped Trog.
Trog was aware of your devotion.
You visited 1 branch of the dungeon, and saw 1 of its levels.

You collected 14 gold pieces.

You aren't carrying anything.


   Skills:
 + Level 3.1 Fighting
 + Level 4.1 Dodging
 + Level 3.1 Unarmed Combat


You couldn't memorise any spells.
You didn't know any spells.
Your spell library contained the following spells:

 Spells                   Type           Power      Damage    Failure   Level
 Static Discharge         Conj/Air       0%         3-3/arc   54%         2
 Dispel Undead            Necr           0%         3d6       99%         4
 Sticky Flame             Conj/Fire      0%         2d3       99%         4


Dungeon Overview and Level Annotations

Branches:
Dungeon (1/15)

Altars:


Innate Abilities, Weirdness & Mutations

You have sharp claws.
You have razor-sharp teeth.
You have supernaturally acute eyesight. (SInv)
You cover ground quickly. (Speed+)
You are covered in fur. (AC +1)
Your paws help you pounce on unaware monsters.
You are incapable of wielding weapons or throwing items.
You cannot wear armour.
You gain extra lives every three experience levels.


Message History

You scratch the endoplasm but do no damage.
You bite the endoplasm.
You kill the endoplasm!
Trog accepts your kill.
You see here a rat corpse.
No target in view!
No target in view!
Your library has no spells.
You see here a book of Touch.
You pick up a book of Touch and begin reading...
You add the spells Static Discharge, Sticky Flame and Dispel Undead to your library.
A giant cockroach and a bat come into view.
Found a whip.
The bat barely misses you. The bat attacks as you move away! The bat hits you.
The bat closely misses you. The bat misses you. The bat completely misses you.
The bat barely misses you. The giant cockroach bites you.
The giant cockroach misses you. The bat closely misses you.
You scratch the giant cockroach but do no damage.
The bat completely misses you. The giant cockroach closely misses you.
The bat closely misses you. The bat attacks as you move away! The bat hits you.
The giant cockroach bites you but does no damage.
The bat barely misses you. The bat hits you.
* * * LOW HITPOINT WARNING * * *
The bat closely misses you.
The giant cockroach completely misses you.
You scratch the giant cockroach. Your bite misses the giant cockroach.
The giant cockroach is moderately wounded.
The giant cockroach bites you.
* * * LOW HITPOINT WARNING * * *
The bat hits you.
* * * LOW HITPOINT WARNING * * *
The bat hits you but does no damage. The giant cockroach misses you.
The giant cockroach closely misses you. The bat completely misses you.
The bat attacks as you move away! The bat misses you.
The bat closely misses you. The giant cockroach bites you.
You die...

... ############
...######
#...........
........######
#.##########
.............# #.#
.....##.#.b@.####.#
..........B.......#
).................#
...#...........##.#
# #.##.#...#..##.#
#. #........##.# #
# #.#####...#.## #
#.# #..#....# #
.......###...# #


You could see a giant cockroach and a bat.

Vanquished Creatures
  A ball python (D:1)
  2 endoplasms (D:1)
  A rat (D:1)
4 creatures vanquished.

Notes
Turn   | Place    | Note
-------+----------+-------------------------------------------
     0 | D:1      | DeadRuby the Felid Berserker began the quest for the Orb.
     0 | D:1      | Reached XP level 1. HP: 10/10 MP: 2/2
   198 | D:1      | Slain by a giant cockroach

Illustrated notes

Levels and vault maps discovered:
D:1:      amcnicky_arrival_feature_with_door, layout_loops_ring, serial_shops,
          nicolae_shop_crystal, patterned_corridor

Action                   || total
-------------------------++-------
Melee: Unarmed           ||     7
       Bite              ||     1
Armor: Skin              ||     2
Dodge: Dodged            ||    31
